 Dungeon Crawl Stone Soup version 0.29.1-15-g9cfb28693d (webtiles) character file.

Game seed: 13857680801897322818

2877 Gabide the Grappler (level 9, 0/60 HPs)
             Began as a Vampire Fighter on Apr 27, 2023.
             Was a Follower of Ru.
             Slain by a black bear (6 damage)
             ... on level 8 of the Dungeon.
             The game lasted 00:30:15 (16167 turns).

Gabide the Grappler (Vampire Fighter)              Turns: 16167, Time: 00:30:16

Health: 0/60       AC:  0    Str: 19    XL:     9   Next: 48%
Magic:  9/9        EV: 17    Int: 11    God:    Ru [*.....]
Gold:   330        SH:  0    Dex: 18    Spells: 8/8 levels left

rFire   . . .      SeeInvis +     - Unarmed
rCold   + + .      Faith    .   (shield currently unavailable)
rNeg    + + +      Spirit   .   (body armour currently unavailable)
rPois   ∞          Reflect  .   (helmet currently unavailable)
rElec   .          Harm     .   (cloak currently unavailable)
rCorr   .          Rampage  .   (gloves currently unavailable)
Will    .....                   (boots currently unavailable)
Stlth   ++++......              (no amulet)
HPRegen 0.00/turn               (ring currently unavailable)
MPRegen 0.11/turn               (ring currently unavailable)

@: bat-form, flying, bloodless, inhibited regen, very quick
A: fast, flying, no casting, tiny, bloodless, fangs 3, see invisible, inability
to train armour, vampiric 2
a: Revivify, End Transformation, Renounce Religion


You were on level 8 of the Dungeon.
You worshipped Ru.
Ru was aware of your devotion.
You were a vampire bat.
You visited 2 branches of the dungeon, and saw 9 of its levels.
You also visited: Ossuary.

You collected 468 gold pieces.
You spent 138 gold pieces at shops.

Inventory:

Wands
 c - a wand of flame (5)
 n - a wand of polymorph (5)
Scrolls
 a - a scroll of summoning
 b - a scroll of identify
 d - 4 scrolls of vulnerability
 e - 8 scrolls of blinking
 g - 5 scrolls of teleportation
 h - 2 scrolls of fear
 p - a scroll of immolation
 t - 2 scrolls of butterflies
Potions
 f - 4 potions of curing
 i - 8 potions of attraction
 j - 3 potions of mutation
 l - 3 potions of resistance
 m - a potion of magic
 o - a potion of heal wounds
 q - a potion of berserk rage
 r - a potion of ambrosia


   Skills:
 + Level 9.0 Fighting
 - Level 2.6 Shields
 + Level 10.4 Unarmed Combat


You had 8 spell levels left.
You didn't know any spells.
Your spell library contained the following spells:

 Spells                   Type           Power      Damage    Failure   Level
 Slow                     Hex            0%         N/A       34%         1
 Blink                    Tloc           0%         N/A       47%         2
 Confusing Touch          Hex            0%         N/A       71%         3
 Lesser Beckoning         Tloc           0%         N/A       71%         3
 Vampiric Draining        Necr           0%         2d6       71%         3
 Fireball                 Conj/Fire      0%         3d3       100%        5
 Iskenderun's Battlesphe  Conj           0%         2d6       100%        5
 Manifold Assault         Tloc           0%         N/A       100%        5
 Conjure Ball Lightning   Conj/Air       0%         3x3d6     100%        6
 Orb of Destruction       Conj           0%         9d5       100%        7
 Chain Lightning          Conj/Air       0%         N/A       100%        9
 Fire Storm               Conj/Fire      0%         5d1       100%        9
 Shatter                  Erth           0%         3d5*      100%        9


Dungeon Overview and Level Annotations

Branches:
Dungeon (8/15)             Temple (1/1) D:4            Lair (0/5) D:8
Ossuary (visited)

Altars:
Ashenzari
Cheibriados
Fedhas
Hepliaklqana
Kikubaaqudgha
Makhleb
Nemelex Xobeh
Okawaru
Ru
Sif Muna
Uskayaw
Vehumet
Wu Jian
Xom
Yredelemnul

Shops:
D:3 *

Annotations:
D:8 Joseph


Innate Abilities, Weirdness & Mutations

You are a vampire bat.
You are tiny and dextrous.
You move quickly.
You are flying.
You are immune to poison.
Your equipment is almost entirely melded.
You are incapable of wielding weapons or throwing items.
You cannot cast spells.
You do not regenerate when monsters are visible.
You are frail without blood (-20% HP).
You can heal yourself when you bite living creatures.
You are immune to poison.
You have razor-sharp teeth.
You have supernaturally acute eyesight. (SInv)
You cannot train Armour skill.
You are afflicted with vampirism and can become a bat while bloodless.


Message History

You are too injured to fight recklessly!
You are too injured to fight recklessly!
You are too injured to fight recklessly!
You are too injured to fight recklessly!
You are too injured to fight recklessly!
You are too injured to fight recklessly!
You are too injured to fight recklessly!
You are too injured to fight recklessly!
You are too injured to fight recklessly!
You are too injured to fight recklessly!
You are too injured to fight recklessly!
You are too injured to fight recklessly!
You are too injured to fight recklessly!
You are too injured to fight recklessly!
You are too injured to fight recklessly!
You hit the black bear.
You bite the black bear, but do no damage.
The black bear is almost dead.
The black bear bites you!
* * * LOW HITPOINT WARNING * * *
The black bear closely misses you. The black bear barely misses you.
The black bear bites you!
* * * LOW HITPOINT WARNING * * *
The black bear misses you. The black bear barely misses you.
You hear a shout!
Aiming: Throw Flame
Press: ? - help, Shift-Dir - straight line, f - black bear
Aim: a black bear (almost dead, berserk, 77% to hit)
The puff of flame misses the black bear.
The black bear bites you.
* * * LOW HITPOINT WARNING * * *
The black bear closely misses you. x2
An orc warrior and an orc come into view.
The black bear rages.
The air fills with toxic fumes!
As you read the scroll of poison, it crumbles to dust.
The black bear is engulfed in poison gas.
The black bear is poisoned.
The black bear misses you. x2
The black bear claws you.
You die...

....#..............
##..#?...§§§.....
...# #...§§§§.#
...# #§§o### ...###
#..§§§#
.....#####..#§§##
.......##..##§§§##
.......#..##.##§§#
.##......##...##b#
.###..#...##.##h§#
## ##.#....###.§##
####.#..#§§##
#..#§§§§# ##.§§§§§#
########


You could see an orc warrior and a black bear (berserk, poisoned).

Vanquished Creatures
  Sigmund (D:4)
  3 sky beasts
  2 ice beasts
  4 centaurs
  2 phantoms (D:6)
  2 elf zombies (Ossuary)
  A kobold brigand (D:7)
  A necrophage (D:5)
  5 bullfrogs
  2 scorpions
  3 wights (D:8)
  2 killer bees
  3 howler monkeys
  4 hounds
  The ghost of ababab the Vexing, a weakling FeEn (D:3)
  A human zombie (Ossuary)
  Crazy Yiuf (D:7)
  3 iguanas
  5 orc wizards
  2 hound zombies (Ossuary)
  4 mummies (Ossuary)
  6 gnolls
  7 adders
  2 white imps
  2 worms
  A dart slug (D:1)
  16 orcs
  7 ball pythons
  4 endoplasms
  7 giant cockroaches
  A gnoll zombie (Ossuary)
  8 goblins
  5 hobgoblins
  13 kobolds
  2 quokkas
  4 bats
  3 frilled lizards
  2 hobgoblin zombies (Ossuary)
  A jackal zombie (Ossuary)
  2 kobold zombies (Ossuary)
  An orc zombie (Ossuary)
  4 rats
150 creatures vanquished.

Notes
Turn   | Place    | Note
-------+----------+-------------------------------------------
     0 | D:1      | Gabide the Vampire Fighter began the quest for the Orb.
     0 | D:1      | Reached XP level 1. HP: 17/17 MP: 1/1
   107 | D:1      | Reached XP level 2. HP: 24/24 MP: 2/2
   421 | D:1      | Reached skill level 3 in Unarmed Combat
   787 | D:2      | Gained mutation: You are afflicted with vampirism and can
                  | become a bat while bloodless. [Vampire growth]
   787 | D:2      | Reached XP level 3. HP: 28/29 MP: 3/3
  1720 | D:2      | Found a radiant altar of Vehumet.
  1819 | D:3      | Found Fuuthreo's Assorted Antiques.
  1865 | D:3      | Bought a scroll labelled FACEMO ZELUYQ for 23 gold pieces
  1865 | D:3      | Bought 2 scrolls of identify for 92 gold pieces
  1865 | D:3      | Bought a scroll labelled CITUIV JAL for 23 gold pieces
  1938 | D:3      | Reached XP level 4. HP: 29/29 MP: 4/4
  1997 | D:3      | Found a runed translucent door.
  2195 | D:3      | Noticed a scorpion
  2196 | D:3      | Noticed ababab's ghost (weakling FeEn)
  2274 | D:3      | Reached skill level 4 in Unarmed Combat
  2782 | D:3      | Found an iron altar of Okawaru.
  2846 | D:3      | Killed ababab's ghost
  2847 | D:3      | Reached XP level 5. HP: 33/33 MP: 5/5
  3080 | D:4      | Noticed Sigmund
  3135 | D:4      | Reached skill level 5 in Unarmed Combat
  3806 | D:4      | Found a staircase to the Ecumenical Temple.
  3812 | Temple   | Entered the Ecumenical Temple
  3841 | Temple   | Became a worshipper of Ru the Awakened
  3877 | D:4      | Noticed Eustachio
  4248 | D:4      | Reached XP level 6. HP: 34/39 MP: 6/6
  5746 | D:5      | Entered Level 5 of the Dungeon
  5792 | D:5      | Found a basalt altar of Yredelemnul.
  6570 | D:5      | Reached skill level 5 in Fighting
  6828 | D:5      | Gained mutation: You cannot train Armour skill. [Ru
                  | sacrifice]
  6828 | D:5      | Reached * piety under Ru
  6926 | D:5      | Noticed Ijyb
  7258 | D:5      | Found a radiant altar of Vehumet.
  7417 | D:5      | Noticed Ijyb
  7417 | D:5      | Ijyb changed into Ijyb the killer bee
  7435 | D:5      | Killed Ijyb the killer bee
  7436 | D:5      | Reached skill level 6 in Unarmed Combat
  8266 | D:4      | Reached XP level 7. HP: 43/44 MP: 7/7
  8417 | D:4      | Found a shimmering blue altar of Sif Muna.
  8716 | D:4      | Noticed Eustachio
  8716 | D:4      | Eustachio changed into Eustachio the wyvern
  8962 | D:4      | Noticed Eustachio
  8962 | D:4      | Eustachio the wyvern changed into Eustachio the killer bee
 10441 | D:6      | Reached skill level 7 in Unarmed Combat
 10742 | D:6      | Reached XP level 8. HP: 33/52 MP: 8/8
 11000 | D:6      | Noticed Edmund
 11311 | D:6      | Noticed Edmund
 11311 | D:6      | Edmund changed into Edmund the bullfrog
 11318 | D:6      | Killed Edmund the bullfrog
 11319 | D:6      | Reached skill level 8 in Unarmed Combat
 12900 | D:7      | Reached skill level 9 in Unarmed Combat
 13496 | D:7      | Reached XP level 9. HP: 23/59 MP: 9/9
 13506 | D:7      | Identified the +7 trident of the Cup {vorpal, rC+}
 14188 | D:7      | Found a runed translucent door.
 14189 | D:7      | Noticed Crazy Yiuf
 14351 | D:7      | Killed Crazy Yiuf
 14545 | D:7      | Identified the +7 hammer of the New World {antimagic,
                  | rElec}
 14783 | D:4      | Killed Eustachio the killer bee
 14799 | D:4      | Killed Sigmund
 14800 | D:4      | Reached skill level 10 in Unarmed Combat
 15055 | D:8      | Found a staircase to the Lair.
 15594 | D:8      | Found a sand-covered staircase.
 15653 | Ossuary  | Entered an ossuary
 16139 | D:8      | Noticed Joseph
 16143 | D:8      | Noticed Joseph
 16143 | D:8      | Joseph changed into Joseph the river rat
 16167 | D:8      | Slain by a black bear

Illustrated notes

Levels and vault maps discovered:
D:1:      saegor_arrival_simple_c, layout_rooms, minmay_cupped
D:2:      layout_loops_corners, basic_altar, minmay_pentomino_q4
D:3:      layout_basic, mainiacjoe_overflow_brackets, ebering_ghost_inner_flame,
          serial_shops, nicolae_shop_overgrown_old_shop
D:4:      layout_layer_cave, tgw_sif, minmay_temple_entry_ruins, uniq_sigmund,
          uniq_eustachio
D:5:      layout_loops_ring, kennysheep_little_box, nicolae_vehumet_altar_sigil,
          uniq_ijyb
D:6:      layout_loops_cross, uniq_edmund
D:7:      layout_loops_ring, enter_bailey_2, chequers_avenue,
          uniq_crazy_yiuf_cottage
D:8:      layout_cave_pools, grunt_dithmenos_smoke, lair_entry_dummy,
          serial_ice, serial_ice_a, serial_ice_e, serial_ice_k, serial_ice_f,
          enter_ossuary_5, uniq_grum, uniq_joseph
Temple:   nicolae_temple_ecumenical_triangle

Skill      XL: |  1  2  3  4  5  6  7  8  9 |
---------------+----------------------------+-----
Fighting       | 3 4 5 6 8 9 |  9.0
Unarmed Combat | 3 4 5 6 7 9 10 | 10.4
Armour         | 0 |  0.0
Shields        | |  2.6

Action                   |  1- 3 |  4- 6 |  7- 9 || total
-------------------------+-------+-------+-------++-------
Melee: Unarmed           |   138 |   255 |   365 ||   758
       Bite              |    20 |    45 |    56 ||   121
Invok: Sacrifice Durabil |       |     1 |       ||     1
       Reject Sacrifices |       |       |     1 ||     1
 Abil: Bat Form          |     1 |       |       ||     1
       Exsanguinate      |     1 |       |       ||     1
Evoke: Wand              |       |     6 |    17 ||    23
  Use: Scroll            |    12 |     2 |    11 ||    25
       Potion            |       |     4 |     1 ||     5
 Stab: Sleeping          |     8 |     9 |     6 ||    23
       Distracted        |       |     1 |     3 ||     4
       Paralysed         |       |       |     3 ||     3
Armor: Scale mail        |    36 |       |       ||    36
Dodge: Dodged            |    78 |   171 |   246 ||   495
Block: Buckler           |    12 |       |       ||    12
